 Dungeon Crawl Stone Soup version 0.30.0-29-ga12c61a403 (webtiles) character file.

Game seed: 1838471626586353983

1229 seaoflcl the Trooper (level 8, -3/70 HPs)
             Began as a Minotaur Berserker on June 10, 2023.
             Was an Elder of Trog.
             Slain by a gnoll
             ... wielding a +0 spear
             ... led by a gnoll bouda
              (8 damage)
             ... on level 5 of the Dungeon.
             The game lasted 00:05:58 (4366 turns).

seaoflcl the Trooper (Minotaur Berserker)           Turns: 4366, Time: 00:05:59

Health: -3/70      AC: 10    Str: 23    XL:     8   Next: 24%
Magic:  16/16      EV:  9    Int:  8    God:    Trog [****..]
Gold:   216        SH:  0    Dex:  9    Spells: 7/7 levels left

rFire   . . .        t - +5 trident "Sucroedo" {heavy, rPois rC- rN+ MP+9}
rCold   x . .        z - +0 buckler
rNeg    + + .        h - +0 chain mail
rPois   +            (helmet restricted)
rElec   .            f - +0 cloak
rCorr   .            (no gloves)
SInv    .            (no boots)
Will    .....        (no amulet) Stlth
                     B - ring of positive energy
HPRegen 0.31/turn    (no ring)
MPRegen 0.15/turn

%: no passive effects
@: confused, mighty, ambrosia-drunk, on berserk cooldown, hasted and slowed
A: horns 2, retaliatory headbutt, clever 1, inability to drink after injury 1,
inability to read after injury 1
a: Renounce Religion, Berserk, Trog's Hand, Brothers in Arms


You were on level 5 of the Dungeon.
You worshipped Trog.
Trog was greatly pleased with you.
You visited 1 branch of the dungeon, and saw 5 of its levels.
You also visited: Sewer.

You collected 216 gold pieces.

Inventory:

Hand Weapons
 a - a +0 hand axe
 q - a +2 mace of draining
 t - the +5 trident "Sucroedo" (weapon) {heavy, rPois rC- rN+ MP+9}
   (You found it on level 3 of the Dungeon)

   rC:        It makes you vulnerable to cold.
   rPois:     It protects you from poison.
   rN:        It protects you from negative energy.
   MP:        It affects your magic capacity (+9).
 y - a +2 hand axe of freezing
Missiles
 o - 13 poisoned darts (quivered)
 D - 2 curare-tipped darts
Armour
 f - a +0 cloak (worn)
 h - a +0 chain mail (worn)
 p - a scarf of harm
 z - a +0 buckler (worn)
Jewellery
 B - a ring of positive energy (left hand)
Wands
 s - a wand of acid (5)
Scrolls
 c - 3 scrolls of vulnerability {unknown}
 e - 3 scrolls of identify {unknown}
 j - 4 scrolls of fog {unknown}
 k - a scroll of amnesia {unknown}
 l - a scroll of magic mapping {unknown}
 m - 3 scrolls of noise {unknown}
 n - a scroll of torment {unknown}
 u - a scroll of teleportation {unknown}
 v - a scroll of silence {unknown}
 w - a scroll of enchant weapon {unknown}
 C - a scroll of fear {unknown}
Potions
 d - a potion of might
 g - a potion of invisibility {unknown}
 r - 2 potions of haste
 x - a potion of flight {unknown}


   Skills:
 + Level 5.7 Fighting
 - Level 5.2(6.8) Axes
 * Level 4.6(5.7) Maces & Flails
 * Level 4.5(5.7) Polearms
 + Level 2.8 Throwing
 + Level 4.8 Armour
 + Level 4.5 Dodging
 + Level 2.2 Shields


You had 7 spell levels left.
You didn't know any spells.
Your spell library was empty.

Dungeon Overview and Level Annotations

Branches:
Dungeon (5/15)             Temple (0/1) D:5           Sewer (visited)

Altars:

Shops:
D:1 *

Annotations:
D:5 2 runed translucent doors, jagang's ghost, novice DEIE


Innate Abilities, Weirdness & Mutations

You have a pair of horns on your head.
You reflexively headbutt those who attack you in melee.
Your mind is acute. (Int +4, Str/Dex -1)
You occasionally lose the ability to drink potions when taking damage.
You occasionally lose the ability to read scrolls when taking damage.


Message History

* * * LOW HITPOINT WARNING * * *
The iguana misses you. You block the gnoll's attack.
Items here: )) [ ††.
It was a potion of curing.
You feel better. The gnoll hits you but does no damage.
The iguana bites you but does no damage.
The gnoll attacks as you move away! The gnoll hits you but does no damage.
Things that are here:
a +0 club; a gnoll corpse It was a potion of mutation.
You feel extremely strange.
You feel clever.
You occasionally lose the ability to drink potions when taking damage.
You occasionally lose the ability to read scrolls when taking damage.
The gnoll hits you from afar with a +0 spear.
* * * LOW HITPOINT WARNING * * *
The iguana bites you but does no damage.
Found a fuming clear potion.
The gnoll closely misses you.
It was a potion of might.
You feel very mighty all of a sudden. You block the iguana's attack.
The gnoll closely misses you. The iguana attacks as you move away!
The iguana bites you.
* * * LOW HITPOINT WARNING * * *
You feel better.
The gnoll is no longer moving quickly.
The iguana bites you!
* * * LOW HITPOINT WARNING * * *
The gnoll bouda barks out a call to the hunt!
The gnoll picks up the pace!
You block the gnoll's attack.
An orc comes into view. It is wielding a +0 club.
The orc shouts!
An orc comes into view.
It is wielding a +0 club and wearing a +2 ring mail of willpower.
The gnoll bouda calls upon its god to heal something.
Okay, then.
Okay, then.
It was a potion of ambrosia.
You are confused.
You feel invigorated. The iguana bites you.
* * * LOW HITPOINT WARNING * * *
The gnoll hits you but does no damage.
The gnoll hits you from afar with a +0 spear!
You die...

#.. .##.......# #..
.........# #...
#!.......# .....#.......#
##...#.......#
.............#
oo...........# ...
.......@lg...# .... ..
..#....##g...######....
.. #..........#.........
.# #.......g.g#.g...l...
.# #........)g#.g.h.....
#.###
...........)#.........
#+###
.......#####h)h........
⌠.⌠##
............'...........
.>.##
.........##..#...###.....


You could see a gnoll bouda, an iguana, 3 gnolls and 2 orcs.

Vanquished Creatures
  2 ogres
  2 phantoms
  5 kobold brigands (Sewer)
  A scorpion (D:5)
  An orc priest (D:3)
  2 hounds
  2 gnoll boudas
  A sleepcap (D:4)
  An orc wizard (D:3)
  11 gnolls
  9 adders
  A white imp (D:5)
  5 worms
  3 orcs (D:3)
  11 endoplasms
  5 giant cockroaches
  10 goblins
  7 hobgoblins
  2 jackals (D:3)
  19 kobolds
  4 quokkas
  20 ball pythons
  5 bats (D:1)
  5 frilled lizards
  9 rats
143 creatures vanquished.

Notes
Turn   | Place    | Note
-------+----------+-------------------------------------------
     0 | D:1      | seaoflcl the Minotaur Berserker began the quest for the
                  | Orb.
     0 | D:1      | Reached XP level 1. HP: 19/19 MP: 0/0
   135 | D:1      | Reached XP level 2. HP: 18/27 MP: 1/1
   634 | D:1      | Reached XP level 3. HP: 29/33 MP: 2/2
   882 | D:1      | Reached ** piety under Trog
   975 | D:1      | Found Teagagis's Assorted Antiques.
  1445 | D:2      | Reached XP level 4. HP: 40/40 MP: 3/3
  1806 | D:3      | Reached skill level 5 in Axes
  1821 | D:3      | Reached skill level 1 in Throwing
  1821 | D:3      | Reached XP level 5. HP: 16/47 MP: 4/4
  2069 | D:3      | Identified the +5 trident "Sucroedo" {heavy, rPois rC- rN+
                  | MP+9}
  2392 | D:3      | Reached *** piety under Trog
  2393 | D:3      | Reached skill level 1 in Maces & Flails
  2393 | D:3      | Reached skill level 1 in Polearms
  2677 | D:4      | Noticed an ogre
  2681 | D:4      | Killed an ogre
  2682 | D:4      | Reached XP level 6. HP: 55/55 MP: 5/5
  2863 | D:4      | Reached skill level 5 in Fighting
  3211 | D:5      | Entered Level 5 of the Dungeon
  3215 | D:5      | Reached XP level 7. HP: 61/61 MP: 6/6
  3218 | D:5      | Reached skill level 1 in Shields
  3230 | D:5      | Found a large runed translucent door.
  3230 | D:5      | Found a large runed translucent door.
  3238 | D:5      | Noticed jagang's ghost (novice DEIE)
  3301 | D:5      | Found a staircase to the Ecumenical Temple.
  3336 | D:5      | Found a glowing drain.
  3347 | Sewer    | Entered a sewer
  3728 | Sewer    | Reached **** piety under Trog
  4016 | Sewer    | Reached XP level 8. HP: 50/69 MP: 7/7
  4355 | D:5      | HP: 1/70 [gnoll/+0 whip[a gnoll bouda] (5)]
  4359 | D:5      | Gained mutation: Your mind is acute. (Int +4, Str/Dex -1)
                  | [potion of mutation]
  4359 | D:5      | Gained mutation: You occasionally lose the ability to drink
                  | potions when taking damage. [potion of mutation]
  4359 | D:5      | Gained mutation: You occasionally lose the ability to read
                  | scrolls when taking damage. [potion of mutation]
  4363 | D:5      | HP: 3/70 [iguana (6)]
  4366 | D:5      | Slain by a gnoll

Illustrated notes

Levels and vault maps discovered:
D:1:      roderic_crossed_star, layout_loops_corners, serial_shops,
          nicolae_shop_advertising_works [nicolae_subvault_shop_adworks],
          minmay_pentomino_t4
D:2:      layout_rooms, kennysheep_generic_room_14
D:3:      layout_rooms, minmay_misc_feat_ornament
D:4:      layout_rooms
D:5:      layout_basic, old_standard_altar, temple_doors_cd,
          ebering_ghost_disaster_area, cheibrodos_sewer_entry_drain

Skill      XL: |  1  2  3  4  5  6  7 |
---------------+----------------------+-----
Axes           | 4 5 |  5.2
Fighting       | 4 5 |  5.7
Armour         | 3 4 |  4.8
Dodging        | 3 4 |  4.5
Throwing       | 1 2 |  2.8
Maces & Flails | 1 2 4 |  4.6
Polearms       | 1 3 4 |  4.5
Shields        | 2 |  2.2

Action                     |  1- 3 |  4- 6 |  7- 9 || total
---------------------------+-------+-------+-------++-------
  Melee: Hand axe          |    95 |    40 |       ||   135
         Headbutt          |    11 |    12 |     9 ||    32
         Punch             |     2 |     1 |       ||     3
         Trident           |       |    62 |   100 ||   162
         Mace              |       |     5 |       ||     5
 Invoke: Berserk           |       |     1 |     1 ||     2
    Use: Potion            |       |       |     6 ||     6
 Armour: Animal skin       |    24 |       |       ||    24
         Chain mail        |     8 |    55 |    56 ||   119
  Dodge: Dodged            |    64 |    50 |    60 ||   174
  Block: Buckler           |       |       |    24 ||    24
